 Dungeon Sprint DCSS version 0.27.1-33-g824d729ab1 (webtiles) character file.

Game seed: 14660283191914643411

8343 Hipnos the Bludgeoner (level 11, -1/84 HPs)
             Began as a Gargoyle Berserker on Dec 1, 2021.
             Was the Champion of Trog.
             Slain by a 12-headed hydra (10 damage)
             ... while paralysed by a floating eye
             ... in the Dungeon (Sprint I: "Red Sonja").
             The game lasted 00:11:36 (2013 turns).

Hipnos the Bludgeoner (Gargoyle Berserker)          Turns: 2013, Time: 00:11:37

Health: -1/84      AC: 31    Str: 24    XL:     11   Next: 29%
Magic:  0/3        EV:  2    Int:  8    God:    Trog [******]
Gold:   222        SH:  0    Dex:  9    Spells: 10/10 levels left

rFire    + . .     SeeInvis .   A - +0 great mace (antimagic)
rCold    + . .     Faith    .   (shield currently unavailable)
rNeg     + . .     Spirit   +   x - +4 chain mail {rF+}
rPois    ∞         Reflect  .   v - +1 helmet
rElec    +         Harm     .   (no cloak)
rCorr    .         Rampage  .   p - +0 pair of gloves
Will     ++...     NoTele   +   n - +2 pair of boots {Fly}
Stlth    ..........             w - brooch of Shielding {Spirit SH+8}
HPRegen  1.24/turn              m - ring of protection from cold
MPRegen  0.08/turn              (no ring)

@: paralysed, strong-willed, flying, regenerating
A: sickness immunity, AC +8, negative energy resistance 1, electricity
resistance, torment resistance 1, petrification resistance
a: Renounce Religion, Berserk, Trog's Hand, Brothers in Arms


You were in the Dungeon.
You worshipped Trog.
Trog was exalted by your worship.
You visited 1 branch You collected 2221 gold pieces.
You spent 1999 gold pieces at shops.

Inventory:

Hand Weapons
 a - a +0 mace
 k - a +0 flail
 u - a +2 morningstar
 z - a +4 antimagic dire flail
 A - a +0 antimagic great mace (weapon)
Missiles
 l - 5 curare-tipped darts (quivered)
Armour
 b - a +0 animal skin
 i - a +3 leather armour of poison resistance
 n - a +2 pair of boots of flying (worn)
 p - a +0 pair of gloves (worn)
 q - the +1 chain mail of the Bagpipe {+Blink Str+6}
   (You bought it in a shop in the Dungeon)

   Str:       It affects your strength (+6).
   +Blink:    It lets you blink.
 v - a +1 helmet (worn)
 x - a +4 chain mail of fire resistance (worn)
 y - a +0 buckler
Jewellery
 m - a ring of protection from cold (left hand)
 w - the brooch of Shielding (around neck) {Spirit SH+8}
   (You bought it in a shop in the Dungeon)

   [amulet of guardian spirit]

   It causes incoming damage to be divided between your reserves of health and
   magic.
   SH:        It affects your SH (+8).
Wands
 o - a wand of polymorph (5)
Scrolls
 h - a scroll of blinking
 j - a scroll of enchant weapon {unknown}
 r - a scroll of identify {unknown}
 t - 2 scrolls of magic mapping {unknown}
Potions
 c - 5 potions of curing
 d - a potion of heal wounds
 e - a potion of haste
 f - 3 potions of magic
 g - a potion of berserk rage
 s - a potion of lignification {unknown}


   Skills:
 * Level 16.4 Fighting
 * Level 16.6 Maces & Flails
 + Level 11.1 Armour
 - Level 7.8 Dodging
 - Level 1.4 Stealth
 + Level 5.0 Shields


You had 10 spell levels left.
You didn't know any spells.
Your spell library was empty.

Dungeon Overview and Level Annotations

Branches:
Dungeon (1/1)

Altars:
Cheibriados
Dithmenos
Elyvilon
Fedhas
Gozag
Hepliaklqana
Kikubaaqudgha
Makhleb
Nemelex Xobeh
Okawaru
Qazlal
Ru
Sif Muna
Trog
Uskayaw
Vehumet
Wu Jian
Xom
Yredelemnul
Zin
The Shining One
Jiyva
Lugonu

Shops:
D *!([[**((*[?=(([!


Innate Abilities, Weirdness & Mutations

You are immune to sickness and miasma.
Your stone body is resilient. (AC +8)
You are immune to poison.
You resist negative energy. (rN+)
You are resistant to electric shocks. (rElec)
You are resistant to unholy torment.
You are immune to petrification.


Message History

The 12-headed hydra barely misses you.
The 12-headed hydra bites you but does no damage.
The 12-headed hydra closely misses you. The 12-headed hydra bites you.
The 12-headed hydra closely misses you.
You block the 12-headed hydra's attack. x3
The 12-headed hydra bites you but does no damage.
The 12-headed hydra closely misses you.
The 12-headed hydra bites you but does no damage. x2
Your skin crawls.
You feel strong-willed.
The floating eye gazes piercingly through you!
You suddenly lose the ability to move!
The 12-headed hydra bites you but does no damage.
The 12-headed hydra barely misses you.
The 12-headed hydra bites you but does no damage. x3
The 12-headed hydra completely misses you.
The 12-headed hydra bites you! The 12-headed hydra bites you. x2
The 12-headed hydra bites you but does no damage.
The 12-headed hydra bites you. x2
The 12-headed hydra bites you but does no damage. x3
The 12-headed hydra bites you. The 12-headed hydra bites you!
The 12-headed hydra completely misses you.
The 12-headed hydra bites you but does no damage. x2
The 12-headed hydra bites you!
* * * LOW HITPOINT WARNING * * *
The 12-headed hydra bites you but does no damage. x3
The floating eye seems to glare at you.
The 12-headed hydra bites you but does no damage. x4
The 12-headed hydra bites you.
* * * LOW HITPOINT WARNING * * *
The 12-headed hydra bites you!
* * * LOW HITPOINT WARNING * * *
The 12-headed hydra bites you but does no damage. x3
The 12-headed hydra bites you.
* * * LOW HITPOINT WARNING * * *
The 12-headed hydra bites you but does no damage. x2
The floating eye gazes piercingly through you!
You shrug off the repeated paralysis!
The 12-headed hydra bites you.
* * * LOW HITPOINT WARNING * * *
The 12-headed hydra bites you!
You die...

#####################
..#)(#.§§.§†..§§@DG$#
.†##'#§####§§§§§##$.+
..'†§#§# ##§§§## ##
###§.§§# ###+#
.##+#### .# .# '###
§§.#


You could see a 12-headed hydra and a floating eye.

Vanquished Creatures
  Sonja (D)
  A deep troll (D)
  A lindwurm (D)
  2 unseen horrors (D)
  2 kobold demonologists (D)
  4 demonic crawlers (D)
  A slime creature (D)
  2 redbacks (D)
  Sigmund (D)
  13 hogs (D)
  A yak (D)
  2 floating eyes (D)
  7 necrophages (D)
  An ogre (D)
  8 jellies (D)
  Ijyb (D)
48 creatures vanquished.

Vanquished Creatures (collateral kills)
  2 centaur warriors (D)
  An oklob plant (D)
  A hornet (D)
4 creatures vanquished.

Vanquished Creatures (others)
  A gargoyle (D)
  2 ballistomycete spores (D)
3 creatures vanquished.

Grand Total: 55 creatures vanquished

Notes
Turn   | Place    | Note
-------+----------+-------------------------------------------
     0 | D        | Hipnos the Gargoyle Berserker began the quest for the Orb.
     0 | D        | Reached XP level 1. HP: 14/14 MP: 1/1
     1 | D        | Noticed Ijyb
    10 | D        | Killed Ijyb
    11 | D        | Reached skill level 5 in Fighting
    11 | D        | Reached XP level 2. HP: 18/21 MP: 2/2
    11 | D        | Reached XP level 3. HP: 23/26 MP: 3/3
   131 | D        | Noticed an ogre
   135 | D        | Killed an ogre
   136 | D        | Reached XP level 4. HP: 32/32 MP: 4/4
   219 | D        | Noticed Sigmund
   226 | D        | Killed Sigmund
   226 | D        | Reached ** piety under Trog
   227 | D        | Reached XP level 5. HP: 40/40 MP: 5/5
   227 | D        | Reached XP level 6. HP: 45/45 MP: 6/6
   239 | D        | Found an ornate altar of the Wu Jian Council.
   239 | D        | Found a shimmering blue altar of Sif Muna.
   241 | D        | Found a radiant altar of Vehumet.
   249 | D        | Reached skill level 5 in Armour
   315 | D        | Found Fitwupapn's Distillery.
   315 | D        | Found an ancient bone altar of Kikubaaqudgha.
   315 | D        | Found a hazy altar of Hepliaklqana.
   315 | D        | Found a stormy altar of Qazlal.
   315 | D        | Found a hide-covered altar of Uskayaw.
   315 | D        | Found a blossoming altar of Fedhas.
   315 | D        | Found a bloodstained altar of Trog.
   315 | D        | Found an iron altar of Okawaru.
   315 | D        | Found a basalt altar of Yredelemnul.
   315 | D        | Found a glowing golden altar of the Shining One.
   315 | D        | Found a snail-covered altar of Cheibriados.
   315 | D        | Found a sacrificial altar of Ru.
   315 | D        | Found a glowing silver altar of Zin.
   315 | D        | Found a shadowy altar of Dithmenos.
   315 | D        | Found a white marble altar of Elyvilon.
   315 | D        | Noticed a yak
   323 | D        | Killed a yak
   324 | D        | Reached skill level 10 in Maces & Flails
   324 | D        | Found an opulent altar of Gozag.
   325 | D        | Found a sparkling altar of Nemelex Xobeh.
   334 | D        | Killed a gargoyle
   346 | D        | Found a burning altar of Makhleb.
   346 | D        | Found a viscous altar of Jiyva.
   346 | D        | Found a shimmering altar of Xom.
   346 | D        | Found a corrupted altar of Lugonu.
   346 | D        | Noticed a slime creature
   355 | D        | Killed a slime creature
   355 | D        | Reached *** piety under Trog
   356 | D        | Reached skill level 10 in Fighting
   356 | D        | Reached XP level 7. HP: 23/53 MP: 7/7
   542 | D        | Noticed a kobold demonologist
   543 | D        | Paralysed by a floating eye for 3 turns
   548 | D        | Noticed a kobold demonologist
   550 | D        | Noticed a chaos spawn
   558 | D        | Killed a kobold demonologist
   559 | D        | Reached XP level 8. HP: 60/60 MP: 2/8
   571 | D        | Killed a kobold demonologist
   571 | D        | Reached **** piety under Trog
   622 | D        | Noticed Sonja
   635 | D        | Killed Sonja
   636 | D        | Reached skill level 5 in Dodging
   636 | D        | Reached XP level 9. HP: 52/67 MP: 9/9
   729 | D        | Found Sowk's Assorted Antiques.
   737 | D        | Bought a marble ring for 140 gold pieces
   737 | D        | Bought a pair of glowing boots for 210 gold pieces
   809 | D        | Noticed a deep troll
   828 | D        | Killed a deep troll
   839 | D        | Found Efaulibi's Armour Emporium.
   847 | D        | Bought a +0 pair of gloves for 54 gold pieces
   847 | D        | Bought the +1 chain mail of the Bagpipe {+Blink Str+6} for
                  | 433 gold pieces
  1063 | D        | Noticed a centaur warrior
  1063 | D        | Noticed a centaur warrior
  1066 | D        | Killed a centaur warrior
  1070 | D        | Killed a centaur warrior
  1071 | D        | Noticed a hornet
  1083 | D        | Killed a hornet
  1084 | D        | Noticed an oklob plant
  1088 | D        | Killed an oklob plant
  1089 | D        | Reached XP level 10. HP: 52/75 MP: 10/10
  1139 | D        | Reached skill level 1 in Stealth
  1142 | D        | Reached ***** piety under Trog
  1143 | D        | Reached skill level 15 in Maces & Flails
  1187 | D        | Killed an unseen horror
  1270 | D        | Killed an unseen horror
  1500 | D        | Reached ****** piety under Trog
  1679 | D        | Received a gift from Trog
  1680 | D        | Reached skill level 15 in Fighting
  1710 | D        | Found Qoacadof's Armour Shoppe.
  1710 | D        | Found Bumif's Weapon Shop.
  1710 | D        | Found Ficluarph's Armour Boutique.
  1712 | D        | Found Pootsofy's Assorted Antiques.
  1712 | D        | Found Uwocih's General Store.
  1712 | D        | Found Rurhi's Weapon Shoppe.
  1712 | D        | Found Wylaguot's Antique Weapon Boutique.
  1712 | D        | Found Ykihoebi's Assorted Antiques.
  1712 | D        | Found Qunwajul's Armour Shop.
  1712 | D        | Found Jexepo's Magic Scroll Shoppe.
  1715 | D        | Found Otyha's Jewellery Boutique.
  1720 | D        | Found Hutanaisk's Antique Weapon Emporium.
  1720 | D        | Found Cesoerph's Antique Weapon Boutique.
  1721 | D        | Found Reyra's Distillery.
  1725 | D        | Bought a +1 helmet for 149 gold pieces
  1732 | D        | Bought the brooch of Shielding {Spirit SH+8} for 653 gold
                  | pieces
  1732 | D        | Found the brooch of Shielding {Spirit SH+8}
  1753 | D        | Bought a +4 chain mail of fire resistance for 315 gold
                  | pieces
  1774 | D        | Bought a +0 buckler for 45 gold pieces
  1839 | D        | Reached skill level 10 in Armour
  1839 | D        | Reached skill level 1 in Shields
  1850 | D        | Received a gift from Trog
  1899 | D        | Noticed a lindwurm
  1902 | D        | Killed a lindwurm
  1903 | D        | Reached XP level 11. HP: 77/83 MP: 3/11
  1934 | D        | Received a gift from Trog
  1979 | D        | Reached skill level 5 in Shields
  2007 | D        | Noticed a 12-headed hydra
  2010 | D        | Paralysed by a floating eye for 4 turns
  2013 | D        | Slain by a 12-headed hydra

Illustrated notes

Levels and vault maps discovered:
D:        dungeon_sprint_1 [red_sonja_temple_1, red_sonja_temple_small_1]

Skill      XL: |  1  2  3  4  5  6  7  8  9 10 11 |
---------------+----------------------------------+-----
Fighting       | 5 6 8 10 11 12 14 15 16 | 16.4
Maces & Flails | 4 6 8 10 11 13 14 16 | 16.6
Armour         | 3 4 6 7 8 10 11 | 11.1
Dodging        | 2 3 4 5 6 7 |  7.8
Stealth        | 1 |  1.4
Shields        | 3 5 |  5.0

Action                   |  1- 3 |  4- 6 |  7- 9 | 10-12 || total
-------------------------+-------+-------+-------+-------++-------
Melee: Mace              |    11 |    27 |    66 |   106 ||   210
       Morningstar       |       |       |       |    17 ||    17
       Dire flail        |       |       |       |    65 ||    65
       Great mace        |       |       |       |     2 ||     2
Invok: Berserk           |     2 |     2 |     3 |     4 ||    11
       Trog's Hand       |       |       |     3 |     3 ||     6
       Brothers in Arms  |       |       |     1 |       ||     1
Armor: Leather armour    |       |     7 |    19 |       ||    26
       Chain mail        |       |       |    11 |   209 ||   220
Dodge: Dodged            |     3 |    13 |    25 |    70 ||   111
Block: Buckler           |       |       |       |    13 ||    13
       Other             |       |       |       |    13 ||    13
